[Event "Early-Titled-Tuesday-Blitz-October-10-2023"]
[Site "Chess.com"]
[Date "2023.10.10"]
[Round "1"]
[White "JimDiGrease"]
[Black "Antik5"]
[Result "1-0"]
[WhiteElo "2927"]
[BlackElo "2502"]
[TimeControl "180+1"]
[EndTime "8:08:19 PDT"]
[Termination "JimDiGrease won by resignation"]

1. d4 Nf6 2. c4 e6 3. Bf4 Bb4+ 4.
Nd2 O-O 5. a3 Bxd2+ 6. Qxd2 d6 7. e3 b6 8. f3 Nbd7 9. Bg5 h6 10. Bh4 c5 11. Ne2 Ba6 12. Nc3 Rc8 13. Rd1 cxd4 14.
Qxd4 Qc7 15. Bg3 e5 16. Qxd6 Bxc4 17. Qxc7 Rxc7 18. Rd6 Bxf1 19. Rxf1 Re8 20. Ke2 Nc5 21. Rfd1 Rce7 22. Bh4 e4 23. f4 Re6 24. Bxf6 Rxf6 25. Rxf6 gxf6 26. Rd4 Kg7 27. b4 Ne6 28. Rxe4 Rc8 29. Kd3 Rd8+ 30. Kc2 Kh7 31. Rc4 Rg8 32. g3 h5 33. Nd5 Rg6 34. f5 Rg5 35. Nxf6+ Kg7 36.
Nxh5+ Rxh5 37. fxe6 fxe6 38. Rc7+ Kf6 39. Rxa7 Rxh2+ 40. Kd3 Rg2 41. Ra6 Ra2 42. Kc4 Ke5 43. Kb3 Re2 44.
Rxb6 Rxe3+ 45. Kb2 Rxg3 46. a4 Kd5 47. a5 e5 48. a6 Rg8 49. Rb7 Kc4 50. Kc2 Rg2+ 51.
Kd1 Ra2 52. b5 e4 53. a7 Kd3 54. Rd7+ Ke3 55. b6 Ra1+ 56. Kc2 Ke2 57. Rd8 e3 58. a8=Q Rxa8 59. Rxa8 Kf1 60. Re8 1-0

[Event "Early-Titled-Tuesday-Blitz-October-10-2023"]
[Site "Chess.com"]
[Date "2023.10.10"]
[Round "1"]
[White "Schattman"]
[Black "Riku-gan"]
[Result "0-1"]
[WhiteElo "2478"]
[BlackElo "2850"]
[TimeControl "180+1"]
[EndTime "8:08:21 PDT"]
[Termination "Riku-gan won on time"]

1. d4 Nf6 2. Nf3 e6 3. g3 d5 4.
Bg2 Be7 5. O-O O-O 6. c4 dxc4 7. Ne5 Nc6 8. Bxc6 bxc6 9. Nxc6 Qe8 10. Nxe7+ Qxe7 11. Qa4 a5 12. Bg5 Qb4 13. Qc2 Bb7 14. Bxf6 gxf6 15. Nc3 Rad8 16. Rad1 Rd6 17. a3 Qb6 18. Ne4 Bxe4 19. Qxe4 Rfd8 20. Qg4+ Kf8 21. e3 Qxb2 22. Qh4 Ke7 23. Ra1 c3 24. Rfb1 Qd2 25. Rd1 Qe2 26. Re1 Qc4 27. Qxh7 Rb8 28. Rac1 Rb2 29. Qh8 Rd8 30.
Qh5 Qd3 31. Qf3 c2 32. Qc6 Rd7 33. h4 Rb1 34. Kg2 f5 35. h5 Qxa3 36. Qxc2 Rxc1 37.
Rxc1 Kf6 38. h6 Qf8 39. Rh1 Qa8+ 40. Kg1 Rd8 41. h7 Kg7 42. Qd1 Kh8 43. Qh5 Rb8 44. Kh2 Rb2 45. Rf1 Qf8 46. Qg5 Qg7 47. Qxg7+ Kxg7 48. Kg2 Kxh7 49. Ra1 Rb5 50. Ra4 Kg6 51. Rc4 Rb7 52. Ra4 Ra7 53. Kf3 Kf6 54. Ke2 Ke7 55. Kd3 Kd6 56. Kc4 c6 57. f3 f6 58. e4 fxe4 59. fxe4 e5 60. dxe5+ fxe5 61. Kd3 Kc5 62. Kc3 Kb5 63. Kb3 Rg7 0-1

[Event "Early-Titled-Tuesday-Blitz-October-10-2023"]
[Site "Chess.com"]
[Date "2023.10.10"]
[Round "1"]
[White "kreonx"]
[Black "BardArtem"]
[Result "0-1"]
[WhiteElo "2464"]
[BlackElo "2830"]
[TimeControl "180+1"]
[EndTime "8:08:22 PDT"]
[Termination "BardArtem won by resignation"]

1. e4 e5 2. Nf3 Nc6 3. d4 exd4 4. Nxd4 Bb4+ 5. c3 Bc5 6. Be3 Bb6 7. Be2 Nf6 8. Nd2 O-O 9. O-O Re8 10. Nxc6 bxc6 11.
Bxb6 axb6 12. Bd3 d5 13. exd5 cxd5 14. Qc2 Bb7 15. a3 c5 16. Rfe1 h6 17. Bb5 Re7 18.
Rxe7 Qxe7 19. Nf3 d4 20. Re1 Qd6 21. Qd3 Rd8 22. cxd4 cxd4 23. Bc4 Bxf3 24. Qxf3 d3 25. Rd1 d2 26. h3 Qd4 27. b3 Re8 28. Kf1 Qb2 29.
Qd3 Ne4 30. f3 Qc1 31. Bxf7+ Kf8 32. Qb1 Qxb1 33. Rxb1 Nc3 34. Bxe8 Nxb1 35. Ke2 Kxe8 36. a4 Kd7 37. b4 Kc6 38. f4 Nc3+ 39. Kxd2 Nxa4 40.
Kd3 Kb5 41. g4 Kxb4 42. f5 Kc5 43. Ke4 Kd6 44. h4 Nc5+ 45. Kd4 Nd7 46. g5 hxg5 47. hxg5 Ne5 48. f6 gxf6 49. gxf6 Nf7 50. Kc4 Kc6 51. Kb4 b5 52. Kc3 Kc5 53. Kd3 b4 54. Ke4 b3 55. Kf5 b2 56. Ke6 Nh6 57. f7 Nxf7 58. Kxf7 b1=Q 0-1

[Event "Early-Titled-Tuesday-Blitz-October-10-2023"]
[Site "Chess.com"]
[Date "2023.10.10"]
[Round "1"]
[White "Barmen_EV"]
[Black "GadimbayliA"]
[Result "0-1"]
[WhiteElo "2476"]
[BlackElo "2843"]
[TimeControl "180+1"]
[EndTime "8:08:23 PDT"]
[Termination "GadimbayliA won by checkmate"]

1. e4 e5 2. Nf3 d5 3. Nxe5 Bd6 4.
d4 dxe4 5. Nc4 Nf6 6. Be2 O-O 7.
O-O Nc6 8. Ne3 Nxd4 9. Bc4 Be6 10. Kh1 Be5 11. Nc3 Re8 12. Bxe6 Nxe6 13. Qe1 Qe7 14. a3 Rad8 15. Nf5 Qc5 16. Nxe4 Qxc2 17. Nxf6+ Bxf6 18. Ne3 Qb3 19. Qe2 Nd4 20. Qg4 Nc2 21. Nxc2 Qxc2 22.
Be3 Bxb2 23. Rab1 b6 24. Qg3 Be5 25. Qf3 c5 26. Rfd1 h6 27. h3 Qa4 28. Qh5 Bf6 29. Qf3 Bd4 30. Qg4 Qxa3 31. Bxh6 Bf6 32. Bg5 Qc3 33. Rbc1 Rxd1+ 34. Rxd1 Bxg5 35. Qxg5 Re1+ 36. Rxe1 Qxe1+ 37. Kh2 f6 38. Qd5+ Kf8 39. Qa8+ Qe8 40. Qxa7 Qc6 41. Qb8+ Kf7 42. Qa7+ Kg6 43. Qa2 c4 44.
Qc2+ Kf7 45. Qc3 b5 46. h4 Qc5 47. Kg1 b4 48. Qf3 c3 49. Qb7+ Ke6 50. Qe4+ Kd6 51. Qf4+ Kc6 52. Qe4+ Kb6 53. Qe6+ Ka5 54. Qa2+ Kb5 55.
Qe2+ Kb6 56. Qe6+ Qc6 57. Qe3+ Kb5 58. Qe2+ Kc5 59. Qe7+ Kc4 60. Qf7+ Kd3 61. Qxg7 c2 62. Qg3+ Kd2 63. Qe3+ Kd1 64. Qd3+ Kc1 65. Qe3+ Kb2 66. Qd4+ Qc3 67. Qxb4+ Qxb4 68. h5 c1=Q+ 69. Kh2 Qbf4+ 70.
g3 Qxf2+ 71. Kh3 Qg5 72. g4 Qge3# 0-1

[Event "Early-Titled-Tuesday-Blitz-October-10-2023"]
[Site "Chess.com"]
[Date "2023.10.10"]
[Round "1"]
[White "SanchezKelvin"]
[Black "secrethawk1"]
[Result "1-0"]
[WhiteElo "2582"]
[BlackElo "2213"]
[TimeControl "180+1"]
[EndTime "8:08:23 PDT"]
[Termination "SanchezKelvin won on time"]

1. e4 c6 2. d4 d5 3. exd5 cxd5 4. c4 e6 5. Nf3 Nf6 6. Nc3 Nc6 7. c5 Be7 8. Bb5 O-O 9. Bxc6 bxc6 10. O-O Nd7 11. Re1 Rb8 12. Qa4 Qc7 13. g3 Qb7 14. Bf4 Ra8 15. b4 a6 16. Rab1 Re8 17. Qc2 Bd8 18. a4 Bc7 19. Qd2 Nf6 20. Be5 Bxe5 21. dxe5 Nd7 22.
Qd4 Qa7 23. a5 Rb8 24. Na4 Nf8 25. h4 Bd7 26. h5 h6 27. g4 Nh7 28. Kh2 f6 29. Re3 f5 30. Rg1 Rf8 31. g5 hxg5 32.
Nxg5 f4 33. Rh3 Rf5 34. Nxh7 Kxh7 35. f3 Be8 36. h6 g6 37. Nb6 Qc7 38. Re1 g5 39. Re2 Bg6 40. Kg1 Rbf8 41. Rhh2 Qf7 42.
Na4 g4 43. fxg4 Rg5 44. Rh4 Bf5 45. Rg2 f3 46. Rg3 Be4 47. Kf2 Qf4 48. Nc3 Qc1 49. Nd1 Qc2+ 50. Kg1 Qe2 51. Nf2 Qe1+ 52. Kh2 Qf1 53.
Rg1 Qe2 54. Kg3 Rfg8 55. Kh2 Qd2 56. Qxd2 1-0

[Event "Early-Titled-Tuesday-Blitz-October-10-2023"]
[Site "Chess.com"]
[Date "2023.10.10"]
[Round "1"]
[White "sofaceindisguise"]
[Black "komogro"]
[Result "1-0"]
[WhiteElo "2814"]
[BlackElo "2456"]
[TimeControl "180+1"]
[EndTime "8:08:24 PDT"]
[Termination "sofaceindisguise won on time"]

1. d4 Nf6 2. Nf3 g6 3. Bf4 Bg7 4. Nc3 O-O 5. e3 c5 6. d5 d6 7. h3 a6 8. a4 Qa5 9. Nd2 Nfd7 10.
Ra3 Qc7 11. Be2 Ne5 12. O-O e6 13. Bh2 Rd8 14. Kh1 exd5 15. Nxd5 Qa5 16. Nc4 Nxc4 17. Bxc4 Nc6 18. c3 Be6 19. b4 cxb4 20. cxb4 Nxb4 21.
Ne7+ Kf8 22. Bxe6 Kxe7 23. Bg4 Nc6 24. Rb3 b5 25. axb5 axb5 26. Qd5 Ne5 27. Rxb5 Qa2 28. Rb3 Kf8 29. Bd1 h5 30. Bg3 Kg8 31. f4 Nd7 32. f5 Ra5 33. Qd3 Nc5 34. Qc4 d5 35. Qh4 Re8 36. fxg6 fxg6 37. Qg5 Nxb3 38. Qxg6 Re7 39.
Bh4 Raa7 40. Bxe7 Rxe7 41. Qd6 Rf7 42. Rxf7 Kxf7 43. Qxd5+ Kg6 44. Bxb3 Qa1+ 45. Kh2 Be5+ 46. g3 Qb2+ 47. Kg1 Qb1+ 48. Kg2 Qb2+ 49. Kf3 Bf6 50.
Qf7+ Kh6 51. Bd5 Qe5 52. Be4 1-0

[Event "Early-Titled-Tuesday-Blitz-October-10-2023"]
[Site "Chess.com"]
[Date "2023.10.10"]
[Round "1"]
[White "vedantgoswami"]
[Black "astralpulse"]
[Result "0-1"]
[WhiteElo "2394"]
[BlackElo "2696"]
[TimeControl "180+1"]
[EndTime "8:08:26 PDT"]
[Termination "astralpulse won on time"]

1. c3 d5 2. d4 Nf6 3. Bf4 c6 4. e3 Bf5 5. Nf3 Nbd7 6. Nbd2 h6 7. h3 e6 8. Be2 Be7 9. O-O O-O 10. Qb3 Qb6 11. Rfe1 Ne4 12. Nxe4 Bxe4 13. Ne5 Nxe5 14. Bxe5 Rac8 15. Qxb6 axb6 16. c4 Ra8 17. a3 dxc4 18. Bxc4 b5 19. Bf1 f6 20. Bc7 Ra6 21. f3 Bg6 22. Rac1 Ra4 23. Bb6 Rfa8 24. Bc5 Kf7 25. Kf2 Rd8 26. Be2 Raa8 27. Bd1 Bxc5 28. Rxc5 Rd6 29. Bb3 Ke7 30. Rec1 Rad8 31. f4 Be4 32. h4 b6 33. R5c3 c5 34. dxc5 Rd2+ 35. Kf1 bxc5 36. Rxc5 Rxb2 37. Rc7+ Rd7 38. Bd1 Bxg2+ 39. Ke1 Bd5 40.
Be2 Kd6 41. Rxd7+ Kxd7 42. Kd1 Rb3 43. Kd2 Kd6 44. Rc3 Rb2+ 45. Ke1 Rb1+ 46. Kf2 Rb2 47. Ke1 e5 48. fxe5+ Kxe5 49. Bd3 g5 50. Rc5 Kd6 51. Rxb5 Ra2 52. hxg5 fxg5 53. Ra5 g4 54. Ra6+ Ke5 55. Rxh6 g3 56. Rg6 g2 57. e4 Bxe4 58. Bxe4 Kxe4 59.
a4 Kf3 60. Rf6+ Kg3 61. Rg6+ Kh2 62. Rh6+ Kg1 63. Rh4 Ra3 64. Ke2 Rb3 65. Kd2 Rb7 0-1

[Event "Early-Titled-Tuesday-Blitz-October-10-2023"]
[Site "Chess.com"]
[Date "2023.10.10"]
[Round "1"]
[White "Quattroporte300"]
[Black "Andrei_Skvortsov"]
[Result "0-1"]
[WhiteElo "2382"]
[BlackElo "2682"]
[TimeControl "180+1"]
[EndTime "8:08:29 PDT"]
[Termination "Andrei_Skvortsov won by checkmate"]

1. e4 c5 2. Nf3 d6 3. c3 Nf6 4.
h3 Nbd7 5. Bd3 g5 6. Nxg5 Rg8 7. Nf3 Rxg2 8. Qe2 a6 9. a4 Ne5 10. Nxe5 dxe5 11. Qf3 Rg6 12. Na3 Be6 13. Nc4 Qc7 14. Ne3 O-O-O 15. Bc4 Bxc4 16. Nxc4 Bh6 17. d3 Bxc1 18.
Rxc1 b5 19. axb5 axb5 20. Nd2 Qd7 21. Ra1 Qxd3 22. Qxd3 Rxd3 23. Ke2 Rd7 24. Ra5 Rxd2+ 25. Kxd2 Nxe4+ 26. Ke3 Nd6 27. b3 Kd7 28. Ra7+ Ke6 29. Rc7 c4 30. b4 f5 31. Rc5 Rh6 32. Kf3 Rh4 33. Kg3 Rf4 34. Re1 Ne4+ 35. Rxe4 fxe4 36. Rxb5 Rf3+ 37. Kg2 Rxc3 38. Rc5 Rc2 39. Kf1 c3 40. b5 Kf5 41. b6 Rb2 42. Rxc3 Rxb6 43. Rc7 Rh6 44. Kg2 Kf6 45. Rc6+ e6 46. Rc7 Rg6+ 47.
Kf1 Rg7 48. Rc8 e3 49. fxe3 Rg3 50. Kf2 Rxh3 51. Rf8+ Ke7 52. Rh8 e4 53. Ra8 Kf6 54. Ra4 Kf5 55. Ra8 Rf3+ 56. Ke2 h5 57. Rh8 Rh3 58.
Rf8+ Ke5 59. Rh8 Rh2+ 60. Kf1 Kf5 61. Kg1 Rh3 62. Kg2 Rxe3 63. Rxh5+ Kf4 64. Rh4+ Ke5 65. Rh8 Re2+ 66. Kf1 Ra2 67. Rb8 Kf4 68. Rb4 Kf3 69. Rb1 Rh2 70. Kg1 Rg2+ 71. Kf1 e3 72. Rb3 Rh2 73. Kg1 Ra2 74. Rb8 Ra1+ 75. Kh2 Kf2 76.
Rf8+ Ke1 77. Kg1 Ra5 78. Rf3 Rg5+ 79. Kh2 e2 80. Ra3 Kf2 81. Ra2 Rh5# 0-1

[Event "Early-Titled-Tuesday-Blitz-October-10-2023"]
[Site "Chess.com"]
[Date "2023.10.10"]
[Round "1"]
[White "topin8"]
[Black "Korchmar_Vasiliy"]
[Result "1/2-1/2"]
[WhiteElo "2426"]
[BlackElo "2718"]
[TimeControl "180+1"]
[EndTime "8:08:31 PDT"]
[Termination "Game drawn - insufficient material"]

1. e4 c5 2. Nf3 d6 3. c3 Nf6 4.
Be2 g6 5. O-O Bg7 6. Bb5+ Bd7 7.
Bxd7+ Nbxd7 8. Re1 O-O 9. d4 Rc8 10. h3 d5 11. e5 Ne4 12. Nbd2 cxd4 13. cxd4 Nxd2 14. Bxd2 f6 15. Bc3 fxe5 16. Nxe5 Nxe5 17. dxe5 e6 18. Qg4 Rf5 19. Rad1 Qc7 20. Bd4 Qf7 21. Rc1 Rf8 22. Qg3 Bh6 23. Rc2 Bf4 24.
Qc3 Qg7 25. Qc7 R5f7 26. Qd6 Re8 27. g3 Bg5 28. Bxa7 h5 29. Bd4 h4 30. Kg2 hxg3 31.
fxg3 Rd7 32. Qb6 Bd8 33. Qb5 Rf8 34. Rf1 Rxf1 35. Kxf1 Bc7 36. Kg2 Rf7 37. Qe8+ Kh7 38. Qxe6 Re7 39. Qf6 Bxe5 40. Bxe5 Rxe5 41. Qxg7+ Kxg7 42. Rc7+ Kf6 43. Rxb7 Re2+ 44. Kf3 Rc2 45. a4 Ke5 46. a5 Rc5 47. b4 Rc3+ 48. Kg4 Ra3 49. Re7+ Kd6 50. Rg7 d4 51. Rxg6+ Kd5 52. Rg8 d3 53.
Rd8+ Kc4 54. h4 Ra4 55. h5 Kc3 56. h6 d2 57. Rxd2 Rxb4+ 58. Kg5 Kxd2 59. h7 Rb8 60. a6 Ra8 61. g4 Ke3 62. Kh6 Rxa6+ 63. Kg7 Ra7+ 64. Kg8 Rxh7 65. Kxh7 Kf4 66. g5 Kxg5 1/2-1/2

[Event "Early-Titled-Tuesday-Blitz-October-10-2023"]
[Site "Chess.com"]
[Date "2023.10.10"]
[Round "1"]
[White "mr_gustavo"]
[Black "LaPiToB"]
[Result "1-0"]
[WhiteElo "2610"]
[BlackElo "2297"]
[TimeControl "180+1"]
[EndTime "8:08:31 PDT"]
[Termination "mr_gustavo won on time"]

1. f4 d5 2. Nf3 g6 3. g3 Bg7 4. Bg2 c5 5. O-O Nc6 6. c3 d4 7. cxd4 cxd4 8. e4 dxe3 9. dxe3 Qb6 10. Nc3 Bg4 11. Nd5 Qd8 12. e4 e6 13. Ne3 Qxd1 14.
Rxd1 Bxf3 15. Bxf3 Nge7 16. e5 Rd8 17. Rxd8+ Kxd8 18. Bd2 Kc7 19. Nc4 Nf5 20. Rc1 Nfd4 21.
Bd1 f6 22. exf6 Bxf6 23. b4 a6 24. a4 Kb8 25. Nd6 Rd8 26. Ne4 Bg7 27. Rb1 Nf5 28.
b5 axb5 29. axb5 Bd4+ 30. Kg2 Nce7 31. Kf3 Bb6 32. g4 Nd4+ 33. Kg3 Nd5 34. Ra1 Bc7 35. Rb1 Nb6 36. Bc3 e5 37. fxe5 Bxe5+ 38. Kh3 Rf8 39.
Rb4 Nf3 40. Bxe5+ Nxe5 41. Rd4 Ned7 42. g5 Kc7 43. Bg4 Rf7 44. Nd6 Re7 45. Nc4 Nxc4 46. Rxc4+ Kb6 47. Rb4 Nc5 48. Bf3 Re3 49. Kg4 Nd3 50.
Rd4 Ne5+ 51. Kf4 Rxf3+ 52. Kxe5 Rf5+ 53. Ke6 Rxg5 54. Rd6+ Kxb5 55. Rd7 b6 56. Rxh7 Kb4 57. Rh4+ Kc3 58. Kd6 b5 59. Rh3+ Kc4 60. Rh4+ Kc3 61. Rh3+ Kc2 62. Rh4 Rg2 63. Kc6 g5 64. Rd4 1-0

[Event "Early-Titled-Tuesday-Blitz-October-10-2023"]
[Site "Chess.com"]
[Date "2023.10.10"]
[Round "1"]
[White "Mystery2007"]
[Black "AvitalBor"]
[Result "1-0"]
[WhiteElo "2476"]
[BlackElo "2809"]
[TimeControl "180+1"]
[EndTime "8:08:32 PDT"]
[Termination "Mystery2007 won by resignation"]

1. Nf3 d5 2. d4 Nf6 3. g3 Bf5 4. Bg2 c6 5. O-O h6 6. c4 e6 7.
Nc3 Be7 8. b3 O-O 9. Bb2 Ne4 10.
Rc1 Nd7 11. Nd2 Nxc3 12. Bxc3 Ba3 13. Ra1 Nf6 14. Re1 Qe7 15. e4 dxe4 16. Nxe4 Rfd8 17. Nxf6+ Qxf6 18. Qf3 Qg6 19. Rad1 Bg4 20. Qe3 Bxd1 21.
Rxd1 a5 22. Be4 f5 23. Bf3 Bb4 24. Bb2 Bd6 25. Re1 Re8 26. Kg2 Rad8 27. Qe2 Qf7 28. Bh5 g6 29. Bf3 Bb4 30. Rd1 Bf8 31. Qe1 Qc7 32.
h4 Bg7 33. Qe3 Kh7 34. a3 Re7 35. Re1 Rde8 36. Qd2 e5 37. dxe5 Bxe5 38. h5 Bxb2 39. hxg6+ Kxg6 40. Rxe7 Rxe7 41. Qxb2 Qe5 42. Qd2 Kg7 43.
Qd8 Qf6 44. Qxa5 f4 45. g4 Qg5 46. Qc3+ Kg8 47. Kh3 Qe5 48. Qd3 Kg7 49. b4 Qb2 50.
Kg2 Qa1 51. Qf5 Qe5 52. Qd3 Qg5 53. Kh3 Qg6 54. Qd4+ Qf6 55. Qd3 h5 56. gxh5 Kh6 57. c5 Rg7 58. Bg4 Qe5 59. Qd6+ Qxd6 60. cxd6 Kg5 61.
Bc8 b6 62. a4 Kxh5 63. a5 bxa5 64. bxa5 Kg5 65. d7 Rg8 66. a6 f3 67. Kg3 Kf6+ 68.
Kxf3 Rg5 69. d8=Q+ 1-0

[Event "Early-Titled-Tuesday-Blitz-October-10-2023"]
[Site "Chess.com"]
[Date "2023.10.10"]
[Round "1"]
[White "farzadbfd"]
[Black "fugadelafuga"]
[Result "1-0"]
[WhiteElo "2701"]
[BlackElo "2395"]
[TimeControl "180+1"]
[EndTime "8:08:34 PDT"]
[Termination "farzadbfd won by resignation"]

1. d4 Nf6 2. Nf3 d5 3. c4 e6 4.
Nc3 c5 5. cxd5 Nxd5 6. e4 Nxc3 7. bxc3 cxd4 8. cxd4 Bb4+ 9. Bd2 Bxd2+ 10. Qxd2 O-O 11. Bd3 b6 12. O-O Bb7 13. a4 Nc6 14. Qe3 h6 15. Rfd1 Qe7 16. Bb5 Rfd8 17. h3 Rac8 18.
Bxc6 Bxc6 19. a5 b5 20. Ne5 Bb7 21. Nd3 Rc4 22. Nc5 Bc6 23. Rac1 Qc7 24. Rxc4 bxc4 25. Qc3 Bb5 26. Qb4 a6 27. Qc3 Qc6 28. e5 Qd5 29. f3 Rb8 30. Ne4 Bc6 31. Nd6 Rb3 32. Qxc4 Qxc4 33. Nxc4 Bd5 34. Nd6 Rb4 35. Rc1 Rxd4 36.
Rc8+ Kh7 37. Nxf7 Ra4 38. h4 Kg6 39. Nd6 Rxa5 40. Kh2 Ra4 41. Kh3 h5 42. Rc7 Rf4 43. Ra7 Ra4 44. Ne8 Kf5 45. Nxg7+ Kxe5 46. Nxh5 Bc4 47.
Ng3 Ra2 48. h5 Bd3 49. h6 a5 50. h7 Bxh7 51. Rxh7 a4 52. Ra7 a3 53. Ne4 Kf4 54.
Rf7+ Ke5 55. Ra7 Ra1 56. Kg4 Kd4 57. g3 e5 58. Ra5 a2 59. Nd2 Kc3 60. Ne4+ Kb2 61.
Rb5+ Kc2 62. Rc5+ Kb3 63. Nd2+ Kb2 64. Nc4+ Kc3 65. Nxe5+ Kd4 66. Ra5 Rc1 67. Rxa2 Kxe5 68. f4+ Kf6 69. Ra6+ Kg7 70. Kg5 Rc3 71. g4 Rc5+ 72.
f5 Rc1 73. Ra7+ Kf8 74. Kg6 Rg1 75. g5 Rf1 76. f6 Ke8 77. Ra8+ Kd7 78. f7 Ke7 79.
Re8+ Kd7 80. f8=Q 1-0

[Event "Early-Titled-Tuesday-Blitz-October-10-2023"]
[Site "Chess.com"]
[Date "2023.10.10"]
[Round "1"]
[White "ozates"]
[Black "Haykoooo0o"]
[Result "1-0"]
[WhiteElo "2771"]
[BlackElo "2445"]
[TimeControl "180+1"]
[EndTime "8:08:36 PDT"]
[Termination "ozates won by resignation"]

1. e4 e5 2. Nf3 Nc6 3. Bc4 Bc5 4. c3 Nf6 5. d3 d6 6. O-O a6 7. a4 Ba7 8. Nbd2 h6 9. Re1 Ng4 10. Rf1 g5 11. b4 Qf6 12. Nb3 Nxf2 13. Rxf2 Bxf2+ 14.
Kxf2 g4 15. Be3 gxf3 16. Qxf3 Qxf3+ 17. gxf3 Be6 18. Bxe6 fxe6 19. Rg1 Kf7 20. Rg3 Rag8 21.
Rh3 Rg6 22. Nd2 Rhg8 23. Kf1 d5 24. b5 axb5 25. axb5 Ne7 26. c4 d4 27. Bf2 Ra8 28. Bg3 Ra2 29. Ke2 c6 30. Rh5 cxb5 31. cxb5 Rg5 32.
Rxh6 Rb2 33. Kd1 Rxb5 34. Nc4 Rb3 35. Nxe5+ Rxe5 36. Bxe5 Rxd3+ 37. Ke2 Re3+ 38. Kf2 Rd3 39. Rf6+ Kg8 40. Rxe6 Nc6 41. h4 Rd2+ 42. Kg3 d3 43. Bf4 Rd1 44. Rd6 Ne7 45. h5 b5 46. Kf2 Rh1 47. h6 b4 48. Rxd3 Ng6 49. Bg3 Rb1 50. Rd7 Nf8 51. Rb7 Kh8 52. Rb8 Kg8 53. Bd6 Kh7 54. Bxf8 b3 55. Kg2 b2 56. Ba3 Ra1 57.
Bxb2 Rb1 58. Kf2 Kxh6 59. Ke3 Kg6 60. f4 Re1+ 61. Kd4 Rh1 62. Ke5 Rd1 63. f5+ Kf7 64. Rb7+ Ke8 65. Ke6 Rd8 66. Rh7 1-0

[Event "Early-Titled-Tuesday-Blitz-October-10-2023"]
[Site "Chess.com"]
[Date "2023.10.10"]
[Round "1"]
[White "AlexandraSamaganova"]
[Black "GradualismUnleashed"]
[Result "1-0"]
[WhiteElo "2228"]
[BlackElo "2561"]
[TimeControl "180+1"]
[EndTime "8:08:37 PDT"]
[Termination "AlexandraSamaganova won by resignation"]

1. c4 Nf6 2. Nc3 e6 3. e4 d5 4. e5 d4 5. exf6 dxc3 6. bxc3 Qxf6 7. Nf3 Nc6 8. Bd3 Ne5 9. Nxe5 Qxe5+ 10. Qe2 Bd6 11.
Qxe5 Bxe5 12. O-O O-O 13. Be4 c6 14. d4 Bf6 15. Rb1 e5 16. Rd1 Rd8 17. Be3 exd4 18. cxd4 g5 19. h3 Kg7 20. Rd2 h6 21. d5 cxd5 22. cxd5 Be5 23. Bc5 f5 24. Bf3 Kf6 25. g3 b6 26. Ba3 Bb7 27. Kg2 h5 28. d6 Rab8 29. Rc1 g4 30. hxg4 hxg4 31. Bxb7 Rxb7 32.
Rcd1 Ke6 33. Rd5 Rbd7 34. f4 Bxd6 35. R5d3 Bxa3 36. Re1+ Kf6 37. Rxa3 Rd3 38. Rxa7 Rd2+ 39. Kf1 Rh2 40. Rae7 Rh1+ 41. Kf2 Rd2+ 42. R1e2 Rh2+ 43. Ke1 Rhxe2+ 44. Rxe2 Rd3 45. Kf2 Rf3+ 46. Kg2 Ra3 47. Rb2 b5 48. Rxb5 Rxa2+ 49. Kg1 Rd2 50. Re5 Rd3 51. Kg2 Rf3 52. Re8 Kf7 53. Ra8 Ke6 54. Ra6+ Kd5 55. Ra5+ Ke6 56. Ra6+ Kf7 57. Ra7+ Kg6 58.
Ra6+ Kg7 59. Ra7+ Kf6 60. Ra6+ Ke7 61. Ra7+ Kd6 62. Ra6+ Kd7 63. Ra7+ Kc6 64. Ra6+ Kb5 65. Rf6 Rd3 66. Rxf5+ Kc4 67. Rg5 Rd2+ 68. Kf1 Kd4 69.
Rxg4 Ke3 70. Rg8 Kf3 71. Ke1 Re2+ 72. Kd1 Rg2 73. f5 Ke4 74. f6 Kd3 75. Kc1 Kc3 76.
Kd1 Kd3 77. Rd8+ Ke3 78. f7 Rg1+ 79. Kc2 Rxg3 80. f8=Q Rf3 81. Qe7+ Kf2 82. Rf8 1-0

[Event "Early-Titled-Tuesday-Blitz-October-10-2023"]
[Site "Chess.com"]
[Date "2023.10.10"]
[Round "1"]
[White "NovoselovRoman"]
[Black "Khuslen2008"]
[Result "1-0"]
[WhiteElo "2626"]
[BlackElo "2318"]
[TimeControl "180+1"]
[EndTime "8:08:44 PDT"]
[Termination "NovoselovRoman won by resignation"]

1. e4 c5 2. Nc3 e6 3. Nf3 Nc6 4. h3 a6 5. a4 d6 6. d4 cxd4 7.
Nxd4 Nf6 8. Be3 Be7 9. Be2 O-O 10. O-O Bd7 11. Qd2 Rc8 12. Rad1 Qc7 13. Nxc6 Bxc6 14. Bf3 b5 15. axb5 axb5 16. Qd4 e5 17. Qd3 b4 18.
Ne2 Qb7 19. Ng3 Bb5 20. Qd2 Bxf1 21. Rxf1 Rfd8 22. Bg5 h6 23. Bh4 b3 24. cxb3 Nh7 25.
Bxe7 Qxe7 26. Nf5 Qe6 27. b4 d5 28. Bg4 dxe4 29. Qe3 Qe8 30. Qg3 Ng5 31. h4 Ne6 32. Nxh6+ Kf8 33. Nf5 Rb8 34. Qxe5 Rb5 35. Qc3 Rc8 36. Qg3 Rd8 37. Nd6 Qc6 38. Nxb5 Qxb5 39. Bxe6 fxe6 40. Re1 Qxb4 41. Qf4+ Kg8 42. Rxe4 Qb3 43.
Kh2 Qb8 44. Qxb8 Rxb8 45. Rxe6 Rxb2 46. Kg3 Kf7 47. Re3 Rb5 48. Ra3 Rb4 49. f4 Kg6 50. Kg4 Rb2 51. g3 Rb5 52. Ra6+ Kh7 53. h5 Rc5 54. Kh4 Rc4 55. Ra7 Kh6 56. Ra6+ Kh7 57. Kg5 Rc5+ 58. f5 Rc7 59. g4 Rb7 60. h6 gxh6+ 61. Rxh6+ Kg7 62. f6+ Kg8 63. Kg6 Rb5 64.
f7+ 1-0

[Event "Early-Titled-Tuesday-Blitz-October-10-2023"]
[Site "Chess.com"]
[Date "2023.10.10"]
[Round "1"]
[White "VincentKeymer"]
[Black "vladgoncharov"]
[Result "1/2-1/2"]
[WhiteElo "3102"]
[BlackElo "2530"]
[TimeControl "180+1"]
[EndTime "8:08:46 PDT"]
[Termination "Game drawn - insufficient material"]

1. a3 Nf6 2. Nf3 c5 3. b4 b6 4. g3 Bb7 5. Bg2 e6 6. O-O Be7 7. c4 O-O 8. Nc3 Qc8 9. bxc5 Qxc5 10. d3 d5 11. Ne5 Qc8 12. Bf4 dxc4 13. Bxb7 Qxb7 14.
Nxc4 Rd8 15. Rc1 Na6 16. Nb5 Nd5 17. Be5 Qd7 18. a4 Nc5 19. d4 Nxa4 20. Qxa4 a6 21.
Nc3 b5 22. Qb3 bxc4 23. Qxc4 Rac8 24. Qd3 Nxc3 25. Rxc3 a5 26. Rfc1 Rxc3 27. Rxc3 Rc8 28. Rxc8+ Qxc8 29. Qb5 Bb4 30. Bf4 h6 31. h4 Qa8 32. f3 Be7 33. Qa4 Bb4 34. Kf2 h5 35. Qb5 g6 36. Be5 Bf8 37. Qa4 Bb4 38. Bf4 Be7 39.
Bd2 Qd5 40. Bxa5 Kg7 41. Bc3 Bf6 42. Qb4 Qd7 43. Qc5 Qd5 44. Qxd5 exd5 45. e4 dxe4 46. fxe4 g5 47. hxg5 Bxg5 48. d5+ Kf8 49. e5 Ke7 50. Kf3 Kd7 51. Be1 Ke7 52. Ke4 Bc1 53. Kf5 Bb2 54.
Bb4+ Ke8 55. Bd6 Bc1 56. Kf6 Bd2 57. e6 fxe6 58. dxe6 Be3 59. Kg6 Bf2 60. Kf5 Be1 61. Kg5 Bf2 62. Kg6 Be1 63. Kf5 Bf2 64. Kg5 Be1 65. Kh4 Bf2 66. Bb4 Kd8 67. Ba3 Ke8 68. Bd6 Kd8 69. Kh3 Ke8 70. Kg2 Be1 71. Bc5 Kd8 72. Kf3 Ke8 73. Bd6 Kd8 74. Ke2 Bxg3 75. Bxg3 Ke7 76. Kf3 Kxe6 77. Kf4 Kd5 78. Kg5 Kc4 79. Kh4 Kb3 80. Kxh5 1/2-1/2

[Event "Early-Titled-Tuesday-Blitz-October-10-2023"]
[Site "Chess.com"]
[Date "2023.10.10"]
[Round "1"]
[White "McCarthyStone"]
[Black "ukchessbomber"]
[Result "1-0"]
[WhiteElo "2389"]
[BlackElo "2650"]
[TimeControl "180+1"]
[EndTime "8:08:51 PDT"]
[Termination "McCarthyStone won by resignation"]

1. b3 b6 2. Bb2 Bb7 3. Nf3 Nf6 4. e3 e6 5. d4 Be7 6. Bd3 O-O 7. Nbd2 c5 8. O-O Nc6 9. a3 a6 10. Qe2 b5 11. Rac1 Qb6 12. c4 cxd4 13. Nxd4 Nxd4 14. Bxd4 Qa5 15. cxb5 axb5 16. Bxb5 Qxa3 17. Bd3 Qb4 18. Nc4 Bd5 19. Nb6 Rab8 20. Nxd5 Nxd5 21. Bc2 Rfc8 22.
Qh5 g6 23. Qf3 Qd2 24. Rfd1 Qa5 25. h4 Ba3 26. Be4 Bxc1 27. Bxd5 f5 28. Bc4 Ba3 29.
Qf4 Bf8 30. h5 Bg7 31. hxg6 hxg6 32. Bxg7 Rxc4 33. Qxb8+ Kxg7 34. bxc4 Qa4 35. Qd6 Qxc4 36. Qxd7+ Kh6 37. Qd4 Qc2 38. Qf4+ Kh5 39. Rf1 Qd2 40. Qf3+ Kg5 41. g3 Qc2 42. Kg2 Kf6 43. Qf4 Qc6+ 44. Qf3 Qc2 45. e4 Kg7 46. exf5 gxf5 47. Re1 Kf6 48.
Qe2 Qc6+ 49. Qf3 Qc2 50. Qe3 Qc6+ 51. Kg1 Qd5 52. Qc3+ Kf7 53. Qe5 Qc4 54. Re3 Qc1+ 55. Kg2 Qc6+ 56. f3 Qc2+ 57. Re2 Qc4 58. Qe3 Qc6 59.
Kf2 Qc4 60. g4 fxg4 61. fxg4 Ke7 62. Qe4 Qc5+ 63. Kf3 Qc3+ 64. Re3 Qc1 65. Qxe6+ Kd8 66. Rd3+ Kc7 67. Qe5+ Kb7 68. Qe4+ Kc7 69. Re3 Qf1+ 70. Kg3 Qg1+ 71. Kf4 Qh2+ 72. Kf5 Qh7+ 73. Ke6 Qh6+ 74.
Kd5 Qd6+ 75. Kc4 Qa6+ 76. Kd4 Qd6+ 77. Qd5 Qb4+ 78. Qc4+ 1-0